 Dungeon Crawl Stone Soup version 0.21.0-3-g78d12a8 (webtiles) character file.

35 mopl the Vexing (level 3, -4/24 HPs)
             Began as a Mummy Enchanter on Jan 16, 2018.
             Slain by a worm (10 damage)
             ... on level 2 of the Dungeon.
             The game lasted 00:02:51 (1252 turns).

mopl the Vexing (Mummy Enchanter)                   Turns: 1252, Time: 00:02:52

Health: -4/24      AC:  2    Str: 11    XL:     3   Next: 16%
Magic:  1/7        EV: 12    Int: 14    God:
Gold:   33         SH:  0    Dex: 13    Spells: 2/8 levels left

rFire    x . .     SeeInvis .   a - +1 dagger
rCold    + . .     Gourm    .   (no shield)
rNeg     + + +     Faith    .   b - +0 robe
rPois    ∞         Spirit   .   (no helmet)
rElec    .         Reflect  .   (no cloak)
rCorr    +         Harm     .   (no gloves)
MR       .....                  (no boots)
Stlth    ++........             (no amulet)
HPRegen  0.08/turn              f - ring of resist corrosion
MPRegen  0.10/turn              (no ring)

@: no status effects
A: no food or potions, fire vulnerability, cold resistance 1, negative energy
resistance 3, torment resistance, unbreathing
a: no special abilities


You were on level 2 of the Dungeon.
You were not hungry.

You visited 1 branch of the dungeon, and saw 2 of its levels.

You collected 33 gold pieces.

Inventory:

Hand Weapons
 a - a +1 dagger (weapon)
Armour
 b - a +0 robe (worn)
Jewellery
 f - a ring of resist corrosion (left hand)
Scrolls
 d - a scroll of immolation {unknown}
 e - a scroll of fog {unknown}
 g - a scroll of identify {unknown}
Books
 c - a book of Maledictions

   Spells                             Type                      Level
   a - Corona                         Hexes                        1
   b - Ensorcelled Hibernation        Hexes/Ice                    2
   c - Confuse                        Hexes                        3
   d - Tukima's Dance                 Hexes                        3
   e - Dazzling Spray                 Conjuration/Hexes            3


   Skills:
 + Level 1.1 Short Blades
 - Level 1.5 Dodging
 * Level 2.9 Stealth
 + Level 3.0 Spellcasting
 * Level 3.1 Hexes
 + Level 0.4 Ice Magic


You had 2 spell levels left.
You knew the following spells:

 Your Spells              Type           Power        Failure   Level  Hunger
a - Corona                Hex            ##.....      6%          1    N/A
b - Ensorcelled Hibernat  Hex/Ice        #.....       16%         2    N/A
c - Confuse               Hex            ##......     17%         3    N/A

Dungeon Overview and Level Annotations

Branches:
Dungeon (2/15)

Altars:


Innate Abilities, Weirdness & Mutations

You do not eat or drink.
Your flesh is vulnerable to fire.
You are immune to poison.
Your flesh is cold resistant. (rC+)
You are immune to negative energy. (rN+++)
You are immune to unholy pain and torment.
You can survive without breathing.


Message History

You hit the worm.
The worm is heavily wounded.
The worm closely misses you.
You hit the worm.
The worm is severely wounded.
You hit the worm.
The worm is severely wounded.
The worm bites you.
You hit the worm.
The worm is almost dead.
You hit the worm but do no damage.
The worm is almost dead.
The worm bites you!
* * * LOW HITPOINT WARNING * * *
You are too injured to fight recklessly!
You are too injured to fight recklessly!
You barely miss the worm.
The worm is almost dead.
The worm bites you!
You die...

........# #.###
##.#######†# #.#
#......<...# #.#
#..#######.# #.# #..# #.#
#.# #..# #####.# #.# #..#
#..)..# #.# # #..# #w###.#
#.# #..##..# #@# #.# #.###
#....###.###[# #.#..
#.#>.........### #...#
#.######.###.).########..
.#.#### #.# #.............
.......##.# #...#####.....
..........# ##.## #......
#......### #.#####......
.#####..######............


You could see a worm.

Vanquished Creatures
  A dart slug (D:1)
  3 giant cockroaches
  4 goblins (D:2)
  4 hobgoblins (D:1)
  A kobold (D:2)
  A ball python (D:2)
  4 bats
  4 frilled lizards
  12 rats
34 creatures vanquished.

Notes
Turn   | Place    | Note
-------+----------+-------------------------------------------
     0 | D:1      | mopl the Mummy Enchanter began the quest for the Orb.
     0 | D:1      | Reached XP level 1. HP: 13/13 MP: 4/4
   311 | D:1      | Reached XP level 2. HP: 16/19 MP: 2/5
   323 | D:1      | Learned a level 2 spell: Ensorcelled Hibernation
   639 | D:1      | Reached skill level 1 in Short Blades
   668 | D:1      | Reached skill level 3 in Hexes
   906 | D:2      | Reached skill level 3 in Spellcasting
  1027 | D:2      | Reached XP level 3. HP: 24/24 MP: 2/7
  1032 | D:2      | Learned a level 3 spell: Confuse
  1252 | D:2      | Slain by a worm

Skill      XL: |  1  2 |
---------------+-------+-----
Short Blades   | 1 |  1.1
Hexes          | 3 |  3.1
Spellcasting   | 3 |  3.0
Dodging        | |  1.5
Stealth        | |  2.9
Ice Magic      | |  0.4

Action                   || total
-------------------------++-------
Melee: Dagger            ||    95
 Cast: Corona            ||     9
       Ensorcelled Hiber ||    14
       Confuse           ||     2
 Stab: Sleeping          ||    12
Armor: Robe              ||    10
Dodge: Dodged            ||    47
